 Dungeon Crawl Stone Soup version 0.30.0-5-g1a98f26d00 (webtiles) character file.

Game seed: 4281430410680956107

2496 Leibowitz the Cleaver (level 9, -14/79 HPs)
             Began as a Minotaur Fighter on May 10, 2023.
             Demolished by an efreet
             ... wielding a +4 scimitar of flaming
              (15 damage)
             ... on level 7 of the Dungeon.
             The game lasted 00:09:31 (5099 turns).

Leibowitz the Cleaver (Minotaur Fighter)            Turns: 5099, Time: 00:09:31

Health: -14/79     AC: 10    Str: 31    XL:     9   Next: 28%
Magic:  17/17      EV: 16    Int:  5    God:
Gold:   268        SH:  0    Dex: 15    Spells: 8/8 levels left

rFire   . . .        r - +3 broad axe of Drought {freeze, rC++ MP+9 Dex+5}
rCold   + + .        (no shield)
rNeg    . . .        u - +0 chain mail
rPois   .            (helmet restricted)
rElec   .            (no cloak)
rCorr   .            (no gloves)
SInv    .            (no boots)
Will    .....        (no amulet) Stlth
                     B - +6 ring of strength
HPRegen 0.33/turn    m - +5 ring of evasion
MPRegen 0.15/turn

%: no passive effects
@: mighty, invisible
A: horns 2, retaliatory headbutt
a: no special abilities


You were on level 7 of the Dungeon.
You visited 1 branch of the dungeon, and saw 7 of its levels.

You collected 268 gold pieces.

Inventory:

Hand Weapons
 a - a +0 war axe
 r - the +3 broad axe of Drought (weapon) {freeze, rC++ MP+9 Dex+5}
   (You found it on level 3 of the Dungeon)

   Dex:       It affects your dexterity (+5).
   rC:        It greatly protects you from cold.
   MP:        It affects your magic capacity (+9).
Armour
 u - a +0 chain mail (worn)
Jewellery
 l - a ring of willpower
 m - a +5 ring of evasion (right hand)
 o - a ring of protection from cold
 B - a +6 ring of strength (left hand)
Wands
 h - a wand of flame (17)
 z - a wand of paralysis (10)
Scrolls
 b - a scroll of brand weapon {unknown}
 c - 3 scrolls of fog {unknown}
 f - a scroll of noise {unknown}
 j - a scroll of silence {unknown}
 k - a scroll of poison {unknown}
 n - 2 scrolls of magic mapping {unknown}
 q - 2 scrolls of identify {unknown}
 s - a scroll of enchant armour {unknown}
 w - a scroll of amnesia {unknown}
 x - a scroll of torment {unknown}
 y - a scroll of enchant weapon {unknown}
 C - 2 scrolls of fear {unknown}
Potions
 d - a potion of might
 e - 2 potions of invisibility
 g - 3 potions of berserk rage {unknown}
 i - 4 potions of mutation {unknown}
 p - 2 potions of curing {unknown}
 t - 2 potions of heal wounds {unknown}
 v - 2 potions of attraction {unknown}
 A - a potion of resistance {unknown}
 D - 2 potions of flight {unknown}
 E - a potion of brilliance {unknown}


   Skills:
 * Level 7.1 Fighting
 * Level 10.9 Axes
 * Level 7.9 Armour
 * Level 4.3 Dodging
 - Level 3.6 Shields


You had 8 spell levels left.
You didn't know any spells.
Your spell library contained the following spells:

 Spells                   Type           Power      Damage    Failure   Level
 Lesser Beckoning         Tloc           0%         N/A       95%         2
 Gell's Gravitas          Tloc           0%         N/A       99%         3
 Teleport Other           Tloc           0%         N/A       99%         3
 Vhi's Electric Charge    Tloc/Air       0%         N/A       99%         3
 Arcjolt                  Conj/Air       0%         1d10      100%        5
 Plasma Beam              Fire/Air       0%         2x1d11    100%        6


Dungeon Overview and Level Annotations

Branches:
Dungeon (7/15)             Temple (0/1) D:7

Altars:
Ashenzari
Yredelemnul


Innate Abilities, Weirdness & Mutations

You have a pair of horns on your head.
You reflexively headbutt those who attack you in melee.


Message History

You closely miss the hornet. You headbutt the hornet.
The hornet is heavily wounded.
The hornet closely misses you.
You hit the hornet. You freeze the hornet.
The hornet is severely wounded.
The hornet stings you but does no damage.
The hornet misses you.
You closely miss the hornet. You headbutt the hornet!
You kill the hornet!
The sky beast flickers out of sight!
Deactivating autopickup; reactivate with Ctrl-A.
Your Fighting skill increases to level 7!
You feel very mighty all of a sudden. The ogre closely misses you.
Something hits you but does no damage.
You barely miss the ogre. You headbutt the ogre.
The ogre is lightly wounded.
You slice something!! You freeze something!
Reactivating autopickup.
You feel a bit more experienced. The ogre closely misses you.
You furiously retaliate!
You headbutt the ogre! You slash the ogre! You freeze the ogre.
The ogre is almost dead.
The ogre misses you. You furiously retaliate!
You headbutt the ogre!
You kill the ogre!
The efreet hits you with a +4 scimitar of flaming!
The efreet burns you.
* * * LOW HITPOINT WARNING * * *
The basilisk bites you but does no damage.
The troll bites you.
* * * LOW HITPOINT WARNING * * *
The troll barely misses you. The troll claws you.
* * * LOW HITPOINT WARNING * * *
Things that are here:
a +0 giant spiked club; a hornet corpse The basilisk attacks as you move away!
The basilisk bites you!
* * * LOW HITPOINT WARNING * * *
It was a potion of invisibility.
You fade into invisibility!
The efreet hits you with a +4 scimitar of flaming!
You die...

.# 8>
#.##.##.##.##...#
.# ###
#.##.#..##.# ..#
## #.##.....>.# #
#.#...○.#.##
#.##.####.##
####...........
.......lT.#####
#######R### #@#
#.# #.# #.# ...
###


You could see a troll (unable to see you), an efreet (unable to see you) and a
basilisk (unable to see you).

Vanquished Creatures
  A kobold demonologist (D:7)
  A hornet (D:7)
  A water moccasin (D:7)
  A black bear (D:6)
  3 sky beasts
  An orc warrior (D:5)
  An ice beast (D:6)
  4 ogres
  A phantom (D:5)
  2 bullfrogs
  2 scorpions
  2 wights (D:6)
  2 howler monkeys (D:7)
  3 hounds
  An orc priest (D:6)
  3 iguanas
  2 sleepcaps
  Natasha (thrice) (D:2)
  5 orc wizards
  Terence (D:3)
  4 adders
  A white imp (D:6)
  2 ufetubi
  A worm (D:3)
  20 orcs
  5 endoplasms
  2 giant cockroaches (D:3)
  5 goblins
  11 hobgoblins
  9 jackals
  6 kobolds
  3 quokkas
  4 ball pythons
  6 bats
  6 frilled lizards
  4 rats
129 creatures vanquished.

Notes
Turn   | Place    | Note
-------+----------+-------------------------------------------
     0 | D:1      | Leibowitz the Minotaur Fighter began the quest for the Orb.
     0 | D:1      | Reached XP level 1. HP: 19/19 MP: 0/0
    81 | D:1      | Reached XP level 2. HP: 27/27 MP: 1/1
   590 | D:1      | Reached skill level 1 in Dodging
   700 | D:2      | Noticed Natasha
   703 | D:2      | Killed Natasha
   703 | D:2      | Noticed Natasha
   704 | D:2      | Reached skill level 3 in Axes
   704 | D:2      | Reached XP level 3. HP: 29/33 MP: 2/2
   714 | D:2      | Killed Natasha
   715 | D:2      | Reached XP level 4. HP: 20/41 MP: 3/3
   731 | D:2      | Noticed Natasha
   737 | D:2      | Killed Natasha
   742 | D:2      | Reached skill level 4 in Axes
  1055 | D:2      | Reached XP level 5. HP: 43/47 MP: 4/4
  1055 | D:2      | Found a faded altar of an unknown god.
  1369 | D:3      | Identified the +3 broad axe of Drought {freeze, rC++ MP+9
                  | Dex+5}
  1497 | D:3      | Noticed Terence
  1501 | D:3      | Killed Terence
  1696 | D:3      | You fall into a shaft and drop 2 floors!
  1696 | D:5      | Entered Level 5 of the Dungeon
  1708 | D:5      | Found a broken altar of Ashenzari.
  1716 | D:5      | Noticed an orc warrior
  1732 | D:5      | Killed an orc warrior
  1733 | D:5      | Reached skill level 5 in Axes
  1734 | D:5      | Reached XP level 6. HP: 39/55 MP: 5/5
  1736 | D:5      | Reached skill level 5 in Fighting
  1795 | D:5      | Reached skill level 5 in Armour
  2179 | D:4      | Reached skill level 6 in Axes
  2395 | D:4      | Reached XP level 7. HP: 61/61 MP: 6/6
  3012 | D:5      | Reached skill level 7 in Axes
  3587 | D:5      | Found a basalt altar of Yredelemnul.
  3900 | D:6      | Reached skill level 8 in Axes
  3900 | D:6      | Reached XP level 8. HP: 70/70 MP: 7/7
  4131 | D:6      | Reached skill level 9 in Axes
  4883 | D:7      | Reached skill level 10 in Axes
  5047 | D:7      | Noticed a kobold demonologist
  5056 | D:7      | Killed a kobold demonologist
  5057 | D:7      | Reached XP level 9. HP: 76/78 MP: 8/8
  5057 | D:7      | Found a staircase to the Ecumenical Temple.
  5070 | D:7      | Noticed a troll
  5071 | D:7      | Noticed a kobold demonologist
  5078 | D:7      | Noticed an efreet
  5098 | D:7      | HP: 1/79 [basilisk (13)]
  5099 | D:7      | Demolished by an efreet

Illustrated notes

Levels and vault maps discovered:
D:1:      mrwooster_arrival_statue, layout_basic, minmay_misc_feat_four_crosses,
          minmay_tromino_v4_c
D:2:      layout_rooms, shapermc_ecumenical_altar_pompeii,
          nicolae_underground_beach, uniq_natasha
D:3:      layout_loops_cross, minmay_misc_feat_room, uniq_terence
D:4:      layout_basic
D:5:      layout_cave_pods, ashenzari_altar_1, mainiacjoe_overflow_cross_hatched
D:6:      layout_basic
D:7:      nzn_winding_woodlands_small [nzn_winding_woodlands_5x15_sawtooth,
          nzn_winding_woodlands_center_pierced_h,
          nzn_winding_woodlands_5x15_zeroes], layout_loops_ring,
          nicolae_qazlal_beasts_of_the_sky, general_overflow_altar,
          temple_statues, enter_bailey_8

Skill      XL: |  1  2  3  4  5  6  7  8  9 |
---------------+----------------------------+-----
Fighting       | 4 5 6 7 |  7.1
Armour         | 4 5 6 7 |  7.9
Dodging        | 1 2 3 4 |  4.3
Axes           | 3 4 5 6 8 10 | 10.9
Shields        | |  3.6

Action                     |  1- 3 |  4- 6 |  7- 9 || total
---------------------------+-------+-------+-------++-------
  Melee: War axe           |    56 |    49 |       ||   105
         Headbutt          |     3 |     9 |    24 ||    36
         Broad axe         |       |    40 |   120 ||   160
         Punch             |       |       |     1 ||     1
    Use: Potion            |       |       |     2 ||     2
 Armour: Scale mail        |    38 |    24 |       ||    62
         Chain mail        |       |     9 |    45 ||    54
  Dodge: Dodged            |    34 |    61 |    73 ||   168
